 Dungeon Crawl Stone Soup version 0.15-a0-674-g7948ca6 (webtiles) character file.

51 4tharraofdagon the Firebug (level 3, 3/19 HPs)
             Began as a Tengu Fire Elementalist on May 9, 2014.
             Quit the game on Level 3 of the Dungeon.
             The game lasted 00:03:06 (441 turns).

4tharraofdagon the Firebug (Tengu Fire Elementalist) Turns: 441, Time: 00:03:06

HP   3/19        AC  2     Str  8      XL: 3   Next: 81%
MP   0/7         EV 12     Int 16      God:
Gold 29          SH  0     Dex 14      Spells:  2 memorised,  2 levels left

rFire  . . .     SeeInvis .     d - +2,+0 short sword
rCold  . . .     Clarity  .     a - +0 robe
rNeg   . . .     Conserve .     (no shield)
rPois  .         rCorr    .     (helmet restricted)
rElec  .         rRot     .     (no cloak)
SustAb . .       Spirit   .     (no gloves)
rMut   .         Warding  .     (boots unavailable)
Saprov . . .     Rnd*Tele +     (no amulet)
MR     .....                    (no ring)
                                f - cursed ring of teleportation

@: lethally poisoned, very slightly contaminated, not resistant to hostile
enchantments, unstealthy
A: beak, talons 3
a: Evoke Teleportation


You were on level 3 of the Dungeon.
You were not hungry.

You visited 1 branch of the dungeon, and saw 3 of its levels.

You collected 29 gold pieces.

Inventory:

Hand weapons
 d - a +2,+0 short sword (weapon)
Armour
 a - a +0 robe (worn)
Comestibles
 c - 2 bread rations
Jewellery
 f - a cursed ring of teleportation (left hand)
Books
 b - a book of Flames

   Spells                             Type                      Level
   *Flame Tongue                      Conjuration/Fire             1
   Throw Flame                        Conjuration/Fire             2
   *Conjure Flame                     Conjuration/Fire             3
   Inner Flame                        Hexes/Fire                   3
   Sticky Flame                       Conjuration/Fire             4
   Fireball                           Conjuration/Fire             5


   Skills:
 - Level 2.1 Dodging
 - Level 2.0 Stealth
 + Level 2.3 Spellcasting
 * Level 3.1 Conjurations
 * Level 4.1 Fire Magic


You had 2 spell levels left.
You knew the following spells:

 Your Spells              Type           Power        Failure   Level  Hunger
a - Flame Tongue          Conj/Fire      ##...        6%          1    #......
b - Conjure Flame         Conj/Fire      ##......     14%         3    ####...


Dungeon Overview and Level Annotations

Branches:
Dungeon (3/15)

Altars:

Annotations:
D:2 Ijyb


Innate Abilities, Weirdness & Mutations

You have a beak for a mouth.
You have claws for feet.


Message History

Casting: Flame Tongue
Confirm with . or Enter, or press ? or * to list all spells.
Aiming: Flame Tongue
Press: ? - help, Shift-Dir - straight line, f/p - adder
Aim: an adder The flame tongue hits the adder.
The adder is moderately wounded.
The adder bites you.
* * * LOW HITPOINT WARNING * * *
You are lethally poisoned!
The adder poisons you! The adder bites you.
* * * LOW HITPOINT WARNING * * *
You aren't carrying any potions.
You aren't carrying any potions.
You aren't carrying any potions.
You aren't carrying any potions.
You aren't carrying any potions.
You aren't carrying any potions.
You aren't carrying any potions.
Are you sure you want to abandon this character and quit the game? (Confirm with "yes".)

..# ###..# ...
....# .......
....# ........
...# ........#
#..#
........#######..#
.................#
................@#
................S#
.................#
.................#
.................#
.................#
####.........<...#
#..##########.#
####..##########.#


You could see an adder.

Vanquished Creatures
  Natasha (D:3)
  An adder (D:3)
  A giant mite (D:3)
  A hobgoblin (D:2)
  A ball python (D:3)
  A bat (D:2)
  2 giant newts
  A goblin (D:2)
  4 kobolds (D:2)
  A rat (D:1)
14 creatures vanquished.

Notes
Turn   | Place    | Note
--------------------------------------------------------------
     0 | D:1      | 4tharraofdagon, the Tengu Fire Elementalist, began the quest for the Orb.
     0 | D:1      | Reached XP level 1. HP: 10/10 MP: 3/3
   138 | D:2      | Noticed Ijyb
   244 | D:2      | Reached XP level 2. HP: 9/15 MP: 1/5
   380 | D:3      | Reached XP level 3. HP: 16/19 MP: 0/7
   385 | D:3      | Learned a level 3 spell: Conjure Flame
   393 | D:3      | Noticed Natasha
   411 | D:3      | Killed Natasha
   411 | D:3      | Reached skill level 4 in Fire Magic
   441 | D:3      | Quit the game

Action                   || total
-------------------------++-------
Melee: Short sword       ||    26
 Cast: Flame Tongue      ||    19
  Use: Potion            ||     2
       Scroll            ||     1

Vault maps used:
D:1:      elethiomel_arrival_maze, corexii_hall_statues_x
D:2:      amethyst_overflow_temple_binary, uniq_iyjb
D:3:      xom_redecorated, minmay_item_behind_shaft, uniq_natasha
